 Dungeon Crawl Stone Soup version 0.23-a0-619-g281719c (console) character file.

109 Duffy the Magician (level 4, 0/36 HPs)
             Began as a Naga Wizard on Dec 22, 2018.
             Slain by a gnoll
             ... wielding a +0 spear
              (3 damage)
             ... on level 3 of the Dungeon.
             The game lasted 00:03:54 (3369 turns).

Duffy the Magician (Naga Wizard)                    Turns: 3369, Time: 00:03:55

Health: 0/36       AC:  3    Str:  9    XL:     4   Next: 89%
Magic:  10/10      EV: 10    Int: 20    God:
Gold:   137        SH:  0    Dex:  9    Spells: 2/11 levels left

rFire    . . .     SeeInvis +   s - -1 dagger (curse)
rCold    . . .     Gourm    .   (no shield)
rNeg     . . .     Faith    .   a - +1 robe
rPois    +         Spirit   .   b - +0 hat
rElec    .         Reflect  .   (no cloak)
rCorr    .         Harm     .   (no gloves)
MR       .....                  (no barding)
Stlth    ++........             (no amulet)
HPRegen  0.12/turn              (no ring)
MPRegen  0.12/turn              (no ring)

@: very slow
A: large, see invisible, deformed body, poison resistance, slowness 2, slow
metabolism 1, spit poison 1, AC +1
a: Spit Poison


You were on level 3 of the Dungeon.
You were hungry.

You visited 1 branch of the dungeon, and saw 3 of its levels.

You collected 137 gold pieces.

Inventory:

Hand Weapons
 l - a +0 dagger
 s - a cursed -1 dagger (weapon)
Armour
 a - a +1 robe (worn)
 b - a +0 hat (worn)
Wands
 q - a wand of enslavement (7)
Scrolls
 c - a scroll of magic mapping
 e - 2 scrolls of teleportation
 f - a scroll of fear
Potions
 g - a potion of mutation {unknown}
 i - 2 potions of flight {unknown}
 m - a potion of curing {unknown}
 n - a potion of brilliance {unknown}
Comestibles
 d - 7 rations


   Skills:
 - Level 1.5 Dodging
 - Level 3.0 Stealth
 - Level 4.0 Spellcasting
 + Level 3.1 Conjurations
   Level 1.0 Summonings
 - Level 1.0 Translocations
 + Level 0.4 Fire Magic
 + Level 0.6 Poison Magic


You had 2 spell levels left.
You knew the following spells:

 Your Spells              Type           Power        Failure   Level  Hunger
b - Blink                 Tloc           N/A          13%         2    #......
h - Magic Dart            Conj           ###.         3%          1    None
l - Conjure Flame         Conj/Fire      ##......     19%         3    ###....
o - Mephitic Cloud        Conj/Pois/Air  #.......     22%         3    ###....

Your spell library contained the following spells:

 Spells                   Type           Power        Failure   Level  Hunger
 Call Imp                 Summ           #.......     13%         2    #......
 Slow                     Hex            #.......     19%         2    #......


Dungeon Overview and Level Annotations

Branches:
Dungeon (3/15)

Altars:
Nemelex Xobeh


Innate Abilities, Weirdness & Mutations

You cannot wear boots.
Your serpentine skin is tough. (AC +1)
You have supernaturally acute eyesight. (SInv)
Armour fits poorly on your strangely shaped body.
Your system is resistant to poisons. (rPois)
You cover ground very slowly.
You have a slow metabolism.
You can spit poison.


Message History

A gnoll comes into view. It is wielding a +0 spear.
The gnoll moves out of view.
An adder comes into view.
The gnoll barely misses you.
The gnoll hits you from afar with a +0 spear.
Found a club.
A gnoll comes into view. It is wielding a +3 dagger.
The gnoll hits you but does no damage. The gnoll hits you with a +0 spear!
The adder hisses angrily.
The gnoll shouts!
You hit the gnoll.
The gnoll is lightly wounded.
You hear an angry hiss.
The gnoll hits you from afar with a +0 spear.
The gnoll hits you with a +0 spear.
An adder comes into view.
You hit the gnoll but do no damage.
The gnoll is lightly wounded.
The gnoll hits you from afar with a +0 spear.
The gnoll hits you with a +0 spear.
You die...

...#)# ..#)#
### ..#.# ..
#.#.# ..
#.#.# #g
#.#.#
##.##S).#
.####..#.g.##
.)..S.g@...#
..........##
#.######### #
######## #.
##.....# .


You could see 3 gnolls and 2 adders.

Vanquished Creatures
  3 adders
  5 worms (D:2)
  2 dart slugs
  2 leopard geckos (D:2)
  2 ball pythons
  5 giant cockroaches
  7 goblins
  5 hobgoblins
  4 jackals
  7 kobolds
  7 bats
  8 rats
57 creatures vanquished.

Notes
Turn   | Place    | Note
-------+----------+-------------------------------------------
     0 | D:1      | Duffy the Naga Wizard began the quest for the Orb.
     0 | D:1      | Reached XP level 1. HP: 15/15 MP: 4/4
   226 | D:1      | Reached XP level 2. HP: 22/22 MP: 1/6
   877 | D:1      | Reached XP level 3. HP: 28/28 MP: 4/7
   955 | D:1      | Learned a level 3 spell: Mephitic Cloud
   959 | D:1      | Learned a level 3 spell: Conjure Flame
   962 | D:1      | Learned a level 2 spell: Blink
  2021 | D:2      | Reached XP level 4. HP: 27/36 MP: 0/9
  2239 | D:2      | Found a sparkling altar of Nemelex Xobeh.
  2246 | D:2      | Reached skill level 4 in Spellcasting
  3369 | D:3      | Slain by a gnoll

Vault maps used:
D:1:      dpeg_arrival_tiny_g, minmay_misc_feat_diagonals,
          serial_park_tiny_pond, chequers_jeans
D:2:      minmay_spotlight, lemuel_round_altar, serial_curves, eino_curves_02,
          eino_curves_02, eino_curves_02
D:3:      chequers_serial_rivers_room_b, minmay_close_crescents

Skill      XL: |  1  2  3  4 |
---------------+-------------+-----
Conjurations   | 2 3 |  3.1
Spellcasting   | 4 |  4.0
Dodging        | |  1.5
Stealth        | |  3.0
Summonings     | |  1.0
Translocations | |  1.0
Fire Magic     | |  0.4
Poison Magic   | |  0.6

Action                   |  1- 3 |  4- 6 || total
-------------------------+-------+-------++-------
Melee: Dagger            |       |    31 ||    31
 Cast: Magic Dart        |   100 |    42 ||   142
 Abil: Spit Poison       |    20 |     3 ||    23
  Use: Scroll            |       |     7 ||     7
  Eat: Chunk             |     3 |     3 ||     6
Armor: Robe              |    16 |     4 ||    20
Dodge: Dodged            |    44 |    23 ||    67

Table legend:
 A = Non-vault XP
 B = Vault XP
 C = Vault XP percentage of total XP
 D = Non-vault monster count
 E = Vault monster count
 F = Vault count percentage of total count
                 A         B        C        D         E       F
            +---------+---------+-------+---------+---------+-------
      Total |     130 |      26 |  16.7 |      49 |       8 |  14.0
            +---------+---------+-------+---------+---------+-------
        D:1 |      39 |       0 |   0.0 |      23 |       0 |   0.0
        D:2 |      85 |       9 |   9.6 |      23 |       5 |  17.9
        D:3 |       6 |      17 |  73.9 |       3 |       3 |  50.0
            +---------+---------+-------+---------+---------+-------
